 Dungeon Crawl Stone Soup version 0.28.0-1-gb440e238dd (webtiles) character file.

Game seed: 13674388488386163421

12950 Descartes the Blocker (level 12, -2/78 (86) HPs)
             Began as a Formicid Warper on Feb 25, 2022.
             Was an Initiate of Gozag.
             Slain by a fire elemental (10 damage)
             ... summoned by a deep elf pyromancer
             ... on level 11 of the Dungeon.
             The game lasted 00:34:06 (11644 turns).

Descartes the Blocker (Formicid Warper)            Turns: 11644, Time: 00:34:06

HP:   -2/78 (86)    AC: 14    Str: 20    XL:     12   Next: 26%
MP:   19/19         EV: 11    Int: 22    God:    Gozag
Gold: 1997          SH:  0    Dex: 10    Spells: 13/21 levels left

rFire   . . .      SeeInvis +   Z - +2 war axe (elec)
rCold   . . .      Faith    .   (no shield)
rNeg    . . .      Spirit   .   P - +0 swamp dragon scales
rPois   +          Reflect  .   (helmet unavailable)
rElec   .          Harm     .   v - +0 cloak
rCorr   .          Rampage  .   z - +2 pair of gloves
Will    +....      Clarity  +   (no boots)
Stlth   ..........              k - amulet of regeneration
HPRegen 1.03/turn               H - +6 ring of intelligence
MPRegen 0.16/turn               (no ring)

@: drained
A: permanent stasis, dig shafts and tunnels, antennae 3, four strong arms,
clarity, clever 1, MP-powered wands
a: Dig, Shaft Self, Renounce Religion, Potion Petition, Call Merchant, Bribe
Branch


You were on level 11 of the Dungeon.
You worshipped Gozag.
Gozag was most pleased with you.
You visited 2 branches of the dungeon, and saw 12 of its levels.
You also visited: Ossuary.

You collected 2080 gold pieces.
You paid 83 gold pieces to Gozag.

Inventory:

Hand Weapons
 a - a +1 whip of venom
 s - a +0 mace of draining
 E - a +2 halberd of protection
 L - a +0 whip of freezing
 O - a +3 quarterstaff of chaos
 S - a +4 scimitar of flaming
 Z - a +2 war axe of electrocution (weapon)
Missiles
 c - 5 boomerangs of dispersal (quivered)
 n - 33 arrows
 r - 20 poisoned darts
 w - 181 stones
 B - 5 boomerangs
 J - 5 javelins
 K - 2 throwing nets
 X - a curare-tipped dart
Armour
 g - a +8 chain mail of ponderousness
 v - a +0 cloak (worn)
 z - a +2 pair of gloves (worn)
 P - +0 swamp dragon scales (worn)
Jewellery
 k - an amulet of regeneration (around neck)
 q - an amulet of reflection
 H - a +6 ring of intelligence (left hand)
Wands
 e - a wand of mindburst (24)
 h - a wand of flame (16)
 y - a wand of iceblast (23)
 C - a wand of polymorph (1)
 N - a wand of acid (21)
 V - a wand of charming (14)
Scrolls
 j - 3 scrolls of enchant weapon
 m - a scroll of holy word
 x - a scroll of identify
 D - 2 scrolls of immolation
 F - a scroll of vulnerability
 Q - 2 scrolls of amnesia
 T - 2 scrolls of summoning
 U - a scroll of fear
 W - 3 scrolls of torment
Potions
 b - 3 potions of cancellation
 d - 9 potions of curing
 f - a potion of berserk rage {unknown}
 i - 2 potions of resistance
 l - 3 potions of mutation
 o - 2 potions of invisibility {unknown}
 p - 3 potions of flight
 t - a potion of heal wounds
 u - 2 potions of ambrosia {unknown}
 A - 2 potions of brilliance {unknown}
 I - a potion of magic {unknown}
 M - a potion of lignification {unknown}
 Y - a potion of attraction {unknown}


   Skills:
 - Level 5.0 Fighting
 - Level 5.0 Long Blades
 - Level 4.1(5.7) Axes
 - Level 4.1(5.4) Maces & Flails
 - Level 4.0(5.3) Polearms
 - Level 3.1(5.0) Staves
 - Level 1.0 Throwing
 + Level 8.5 Armour
 - Level 1.7 Dodging
 + Level 8.8 Shields
 - Level 5.0 Spellcasting
 + Level 7.7 Hexes
 + Level 7.3 Translocations
 - Level 5.0 Evocations


You had 13 spell levels left.
You knew the following spells:

 Your Spells              Type           Power      Damage    Failure   Level
a - Confusing Touch       Hex            39%        N/A       1%          3
b - Manifold Assault      Tloc           37%        N/A       22%         5

Your spell library contained the following spells:

 Spells                   Type           Power      Damage    Failure   Level
 Gell's Gravitas          Tloc           37%        N/A       2%          3
 Lesser Beckoning         Tloc           37%        N/A       2%          3
 Teleport Other           Tloc           37%        N/A       2%          3
 Beastly Appendage        Tmut           10%        N/A       16%         1
 Static Discharge         Conj/Air       5%         N/A       24%         2
 Wereblood                Tmut           5%         N/A       24%         2
 Conjure Flame            Conj/Fire      5%         6-21      43%         3
 Ignite Poison            Fire/Tmut/Pois 5%         N/A       43%         3
 Spider Form              Tmut/Pois      5%         N/A       43%         3
 Yara's Violent Unravell  Hex/Tmut       11%        3d6       65%         5
 Dispel Undead            Necr           5%         3d7       83%         4
 Sticky Flame             Conj/Fire      5%         2d3       83%         4
 Enfeeble                 Hex            19%        N/A       99%         7
 Blink                    Tloc           Unusable   N/A       N/A         2

Dungeon Overview and Level Annotations

Branches:
Dungeon (11/15)            Temple (1/1) D:5            Lair (0/6) D:9
Ossuary (visited)
    Orc: D:9-12

Altars:
Ashenzari
Cheibriados
Dithmenos
Elyvilon
Fedhas
Gozag
Hepliaklqana
Kikubaaqudgha
Makhleb
Nemelex Xobeh
Okawaru
Qazlal
Ru
Sif Muna
Trog
Uskayaw
Vehumet
Wu Jian
Xom
Yredelemnul
Zin
The Shining One

Shops:
D:3 !   D:4 *   D:5 (   D:10 *


Innate Abilities, Weirdness & Mutations

You cannot be hasted, slowed, berserked, paralysed or teleported.
You can dig through walls and to a lower floor.
You have a pair of large antennae on your head. (SInv)
Your four strong arms can wield two-handed weapons with a shield.
You possess an exceptional clarity of mind.
Your mind is acute. (Int +2)
You expend magic power (3 MP) to strengthen your wands.


Message History

The fire elemental burns you!
* * * LOW HITPOINT WARNING * * *
Unknown command.
An orc wizard comes into view. It is wielding a +0 dagger.
The orc wizard shouts!
You hear a shout!
An orc wizard comes into view. It is wielding a +0 dagger.
The orc wizard moves out of view.
The orc wizard shouts!
An orc wizard comes into view. It is wielding a +0 dagger.
There is an open door here.
The orc wizard shouts!
An orc comes into view. It is wielding a +0 falchion.
The fire elemental barely misses you.
You extend your mandibles.
You dig through the rock wall.
You feel drained.
You dig through the rock wall.
You feel drained.
This wall is too hard to dig through.
Unknown command.
Okay, then.
You extend your mandibles.
You dig through the rock wall.
You feel drained. The fire elemental closely misses you.
The fire elemental hits you. The fire elemental burns you!
* * * LOW HITPOINT WARNING * * *
Okay, then.
You feel much better. The fire elemental barely misses you.
The fire elemental closely misses you. The fire elemental hits you.
The fire elemental burns you! The fire elemental hits you.
The fire elemental burns you!
* * * LOW HITPOINT WARNING * * *
The fire elemental closely misses you. The fire elemental barely misses you.
The fire elemental hits you. The fire elemental burns you!
* * * LOW HITPOINT WARNING * * *
The fire elemental hits you. The fire elemental burns you!
* * * LOW HITPOINT WARNING * * *
The fire elemental completely misses you.
The fire elemental hits you. The fire elemental burns you!
You die...
Your body crumbles into a pile of gold.

#### #@E##
##################○######
#..#....#......○#{{o......
#..'....#.....°○{{{.......
#..#....#....°e.#.........
##'######.....###.###+##..
...<..........# ..+ .
..............# ..#
###############.oo#


You could see a fire elemental (summoned) and an orc wizard.

Vanquished Creatures
  A hydra (D:10)
  The ghost of RamboRex the Protected, a novice GrFi of Makhleb (D:8)
  Pikel (D:5)
  Joseph (D:8)
  2 kobold demonologists (D:9)
  Maggie (D:6)
  A hornet (D:10)
  2 trolls
  Sigmund (D:6)
  18 yaks
  Grum (D:9)
  2 steam dragons
  A redback (D:7)
  Menkaure (D:6)
  3 water moccasins
  Duvessa (D:5)
  4 orc warriors
  2 ice beasts
  4 black bears
  2 sky beasts
  A necrophage (D:6)
  2 wolves (D:9)
  4 centaurs
  2 phantoms
  3 kobold brigands (D:8)
  Blork the orc (D:6)
  7 bullfrogs
  7 scorpions
  A water moccasin zombie (D:3)
  Dowan (D:5)
  10 killer bees
  17 wights
  2 howler monkeys
  3 centaur zombies
  2 hounds (D:4)
  A centaur skeleton (D:7)
  A jelly (D:7)
  Crazy Yiuf (D:5)
  3 orc priests
  A bullfrog zombie (D:5)
  A gnoll shaman (D:5)
  2 bullfrog skeletons
  11 orc wizards
  3 iguanas
  Terence (D:3)
  2 killer bee zombies
  12 mummies (Ossuary)
  A howler monkey zombie (D:8)
  8 gnolls
  8 adders
  2 shadow imps
  2 ufetubi (D:4)
  4 adder skeletons
  2 worms (D:2)
  3 dart slugs
  30 orcs
  9 endoplasms
  3 giant cockroaches
  3 hobgoblins
  3 jackals (D:2)
  4 quokkas
  10 ball pythons
  4 bats
  5 frilled lizards
  3 gnoll skeletons (Ossuary)
  8 goblins
  A goblin skeleton (Ossuary)
  9 kobolds
  3 kobold skeletons (Ossuary)
  An orc skeleton (Ossuary)
  5 rats
  11 rat skeletons (Ossuary)
294 creatures vanquished.

Vanquished Creatures (others)
  9 fungi (D:9)
  14 plants (D:9)
23 creatures vanquished.

Grand Total: 317 creatures vanquished

Notes
Turn   | Place    | Note
-------+----------+-------------------------------------------
     0 | D:1      | Descartes the Formicid Warper began the quest for the Orb.
     0 | D:1      | Reached XP level 1. HP: 16/16 MP: 3/3
   463 | D:1      | Reached XP level 2. HP: 22/22 MP: 5/5
  1123 | D:1      | Reached XP level 3. HP: 8/28 MP: 6/6
  1128 | D:1      | Reached skill level 1 in Shields
  1807 | D:2      | Reached XP level 4. HP: 34/34 MP: 7/7
  2949 | D:3      | Noticed Terence
  2955 | D:3      | Killed Terence
  2956 | D:3      | Reached XP level 5. HP: 35/39 MP: 9/9
  3044 | D:3      | Found Ryum's Distillery.
  3086 | D:3      | Reached skill level 1 in Hexes
  3159 | D:3      | Found a faded altar of an unknown god.
  3222 | D:3      | Reached skill level 1 in Maces & Flails
  3222 | D:3      | Reached XP level 6. HP: 33/47 MP: 10/10
  3689 | D:4      | Found Towkoda's General Store.
  3983 | D:4      | Gained mutation: Your mind is acute. (Int +2) [potion of
                  | mutation]
  3983 | D:4      | Gained mutation: You sometimes lose the ability to read
                  | scrolls when taking damage. [potion of mutation]
  3983 | D:4      | Gained mutation: You are robust. (+10% HP) [potion of
                  | mutation]
  3989 | D:4      | Reached XP level 7. HP: 25/57 MP: 11/11
  4374 | D:4      | Noticed a water moccasin
  4390 | D:4      | Killed a water moccasin
  4503 | D:4      | Reached XP level 8. HP: 45/66 MP: 13/13
  4578 | D:4      | Reached skill level 1 in Evocations
  4813 | D:5      | Entered Level 5 of the Dungeon
  4988 | D:5      | Found a basalt altar of Yredelemnul.
  5027 | D:5      | Found a staircase to the Ecumenical Temple.
  5032 | Temple   | Entered the Ecumenical Temple
  5173 | Temple   | Became a worshipper of Gozag Ym Sagoz the Greedy
  5207 | D:5      | Noticed Pikel
  5208 | D:5      | Noticed a yak
  5210 | D:5      | Noticed a yak
  5211 | D:5      | Noticed a yak
  5211 | D:5      | Noticed a yak
  5220 | D:5      | Noticed a yak
  5222 | D:5      | Noticed a yak
  5231 | D:5      | Killed Pikel
  5232 | D:5      | Reached skill level 1 in Polearms
  5238 | D:5      | Killed a yak
  5239 | D:5      | Reached XP level 9. HP: 50/72 MP: 15/15
  5456 | D:5      | Reached skill level 5 in Fighting
  5490 | D:5      | Found Kiqi's Weapon Shoppe.
  5568 | D:5      | Noticed Duvessa
  5568 | D:5      | Noticed Dowan
  5574 | D:5      | Killed Duvessa
  5575 | D:5      | Reached skill level 5 in Shields
  5581 | D:5      | Killed Dowan
  5709 | D:5      | Reached XP level 10. HP: 73/81 MP: 17/17
  5798 | D:5      | Reached skill level 5 in Armour
  5870 | D:5      | Found a runed translucent door.
  5871 | D:5      | Noticed Crazy Yiuf
  6049 | D:5      | Found a burning altar of Makhleb.
  6049 | D:5      | Noticed a blizzard demon
  6228 | D:5      | Killed Crazy Yiuf
  6387 | D:6      | Noticed Sigmund
  6392 | D:6      | Noticed Maggie
  6423 | D:6      | Killed Maggie
  6424 | D:6      | Reached skill level 5 in Spellcasting
  6424 | D:6      | Reached skill level 5 in Hexes
  6424 | D:6      | Reached skill level 5 in Translocations
  6424 | D:6      | Killed Sigmund
  6551 | D:6      | Found a sand-covered staircase.
  6569 | Ossuary  | Entered an ossuary
  6802 | Ossuary  | Lost mutation: You are robust. (+10% HP) [potion of
                  | mutation]
  6802 | Ossuary  | Lost mutation: You sometimes lose the ability to read
                  | scrolls when taking damage. [potion of mutation]
  6802 | Ossuary  | Lost mutation: Your mind is acute. (Int +2) [potion of
                  | mutation]
  6802 | Ossuary  | Gained mutation: Your spells are a little harder to cast,
                  | but a little more powerful. [potion of mutation]
  6802 | Ossuary  | Gained mutation: You are frail. (-10% HP) [potion of
                  | mutation]
  6824 | Ossuary  | Lost mutation: You are frail. (-10% HP) [potion of
                  | mutation]
  6824 | Ossuary  | Lost mutation: Your spells are a little harder to cast, but
                  | a little more powerful. [potion of mutation]
  6824 | Ossuary  | Gained mutation: You have hidden genetic potential. [potion
                  | of mutation]
  6824 | Ossuary  | Gained mutation: Your mind is acute. (Int +2) [potion of
                  | mutation]
  7150 | D:6      | Noticed Blork the orc
  7162 | D:6      | Killed Blork the orc
  7256 | D:6      | Reached skill level 1 in Staves
  7338 | D:6      | Noticed Menkaure
  7343 | D:6      | Killed Menkaure
  7344 | D:6      | Reached skill level 1 in Long Blades
  7976 | D:6      | Learned a level 3 spell: Confusing Touch
  7982 | D:6      | Learned a level 5 spell: Manifold Assault
  8086 | D:7      | Reached skill level 5 in Evocations
  8270 | D:7      | Found a bloodstained altar of Trog.
  8465 | D:7      | Found a hide-covered altar of Uskayaw.
  8570 | D:8      | Noticed Erica
  8575 | D:7      | Reached XP level 11. HP: 79/79 MP: 18/18
  8580 | D:8      | Noticed Erica
  8580 | D:8      | Erica changed into Erica the redback
  8586 | D:7      | Killed Erica the redback
  8887 | D:8      | Noticed Joseph
  8906 | D:8      | Killed Joseph
  8911 | D:8      | Gained mutation: You possess an exceptional clarity of
                  | mind. [hidden potential]
  8993 | D:8      | Found a runed translucent gate.
  8993 | D:8      | Found a runed translucent gate.
  8993 | D:8      | Found a runed translucent gate.
  8995 | D:8      | Noticed RamboRex's ghost (novice GrFi)
  9045 | D:8      | Killed RamboRex's ghost
  9161 | D:8      | Found a sacrificial altar of Ru.
  9721 | D:9      | Noticed Grum
  9737 | D:9      | Killed Grum
 10357 | D:9      | Found a staircase to the Lair.
 10699 | D:10     | Entered Level 10 of the Dungeon
 10871 | D:10     | Found a radiant altar of Vehumet.
 11050 | D:10     | Reached XP level 12. HP: 67/86 MP: 19/19
 11157 | D:10     | Found Qauhib's General Store.
 11295 | D:10     | Gained mutation: You expend magic power (3 MP) to
                  | strengthen your wands. [hidden potential]
 11295 | D:10     | Lost mutation: You have hidden genetic potential. [hidden
                  | potential expressed]
 11346 | D:10     | Reached skill level 5 in Long Blades
 11461 | D:11     | Noticed a five-headed hydra
 11541 | D:10     | Killed a one-headed hydra
 11644 | D:11     | Slain by a fire elemental

Illustrated notes

Levels and vault maps discovered:
D:1:      lightli_arrival_chessboard, layout_rooms
D:2:      layout_loops_ring, roderic_st_hans_cross, patterned_corridor
D:3:      layout_loops_corners, hellmonk_ecumenical_altar_pennies_from_heaven,
          serial_shops, shop, uniq_terence
D:4:      minmay_razor_zed, layout_cave_pods, serial_shops,
          nicolae_shop_statue_plus
D:5:      layout_basic, lemuel_round_altar, makhleb_altar_promises_db,
          temple_doors_cd, serial_shops, shop, hex_medium,
          uniq_crazy_yiuf_cottage, uniq_pikel, uniq_duvessa
D:6:      minmay_general_purpose_star, layout_loops_ring, enter_ossuary_2,
          uniq_maggie, uniq_sigmund, uniq_menkaure, uniq_blork_the_orc
D:7:      layout_rooms, nicolae_overflow_crystal_walls, trog_butcher_becter,
          bh_walls_and_bars
D:8:      layout_gridville, nicolae_ru_sacrificial_ziggurat,
          ebering_ghost_rock_garden, dk_noncrumbling_2,
          minmay_fractal_squares_5, uniq_joseph, uniq_erica
D:9:      layout_loops_ring, grunt_lair_entry_orc_guard_hut, uniq_grum
D:10:     layout_basic, mainiacjoe_overflow_surrounded_room, serial_shops,
          nicolae_shop_advertising_works [nicolae_subvault_shop_adworks],
          dreamdust_deal_with_the_devil, chequers_jeans
D:11:     layout_grid_maze, david_orc_5, david_defended_altar_orc
Temple:   nicolae_temple_elliptical

Skill      XL: |  1  2  3  4  5  6  7  8  9 10 11 12 |
---------------+-------------------------------------+-----
Shields        | 1 2 3 4 5 6 8 |  8.8
Armour         | 2 3 4 6 8 |  8.5
Translocations | 3 4 5 6 7 |  7.3
Fighting       | 3 4 5 |  5.0
Hexes          | 1 2 3 4 5 7 |  7.7
Spellcasting   | 3 4 5 |  5.0
Maces & Flails | 1 2 3 4 |  4.1
Axes           | 3 4 |  4.1
Evocations     | 2 3 5 |  5.0
Polearms       | 1 3 4 |  4.0
Staves         | 2 3 |  3.1
Long Blades    | 2 4 5 |  5.0
Throwing       | |  1.0
Dodging        | |  1.7

Action                   |  1- 3 |  4- 6 |  7- 9 | 10-12 || total
-------------------------+-------+-------+-------+-------++-------
Melee: Hand axe          |   136 |    32 |       |       ||   168
       Punch             |     2 |       |     6 |    14 ||    22
       Mace              |       |   116 |    65 |       ||   181
       Halberd           |       |       |   224 |   316 ||   540
       War axe           |       |       |       |   539 ||   539
       Scimitar          |       |       |       |    10 ||    10
 Abil: Dig               |       |       |       |     5 ||     5
Evoke: Wand              |       |       |       |     3 ||     3
  Use: Potion            |       |     2 |       |     6 ||     8
       Scroll            |       |       |       |    15 ||    15
Armor: Leather armour    |    47 |    46 |    15 |       ||   108
       Chain mail        |       |       |   253 |    43 ||   296
       Swamp dragon scal |       |       |       |   479 ||   479
Dodge: Dodged            |    99 |   103 |   146 |   555 ||   903
